 Dungeon Crawl Stone Soup version 0.32-a0-699-g1ee5eff69a (webtiles) character file.

Game seed: 279616237557413556

9180 shadizar the Thaumaturge (level 11, -6/74 HPs)
             Began as a Djinni Air Elementalist on Mar 13, 2024.
             Was an Elder of Makhleb.
             Mangled by an orc warlord
             ... wielding a +2 antimagic battleaxe
              (17 damage)
             ... on level 8 of the Dungeon.
             The game lasted 00:17:46 (12708 turns).

shadizar the Thaumaturge (Djinni Air Elementalist) Turns: 12708, Time: 00:17:46

Health: -6/74      AC: 13    Str: 10    XL:     11   Next: 69%
Gold:   971        EV: 26    Int: 26    God:    Makhleb [****..] SH:  0 Dex: 17

rFire   + + .        K - +2 demon whip (heavy)
rCold   . . .        (no shield)
rNeg    . . .        J - +3 swamp dragon scales
rPois   ∞            (no helmet)
rElec   +            (no cloak)
rCorr   .            b - +1 pair of gloves of Lumulos {rElec Str+3 Dex+3 SInv}
SInv    +            (boots unavailable)
Will    ++...        p - amulet of the acrobat
Stlth   +            w - ring "Jebyatzo" {rC+ Int+5}
HPRegen 0.32/turn    d - ring of willpower
MPRegen 0.00/turn

%: acrobat, infuse magic (-7 HP)
@: acrobatic, flying
A: sickness immunity, fire resistance 2, cold vulnerability 1, float, innate
caster, HP casting, extra vitality 1
a: Renounce Religion, Minor Destruction, Lesser Servant of Makhleb, Major
Destruction


You were on level 8 of the Dungeon.
You worshipped Makhleb.
Makhleb was greatly pleased with you.
You visited 3 branches of the dungeon, and saw 11 of its levels.

You collected 971 gold pieces.

Inventory:

Hand Weapons
 E - the +4 orcbow "Maarch" {flame, rElec Int+4}
   (You found it on level 7 of the Dungeon)

   Int+4:     It affects your intelligence (+4).
   rElec:     It insulates you from electricity.
 K - a +2 heavy demon whip (weapon)
Armour
 b - the +1 pair of gloves of Lumulos (worn) {rElec Str+3 Dex+3 SInv}
   (You acquired it on level 8 of the Dungeon)

   Str+3:     It affects your strength (+3).
   Dex+3:     It affects your dexterity (+3).
   rElec:     It insulates you from electricity.
   SInv:      It lets you see invisible.
 i - +0 acid dragon scales
 v - a +1 ring mail of cold resistance
 J - +3 swamp dragon scales (worn)
Jewellery
 d - a ring of willpower (right hand)
 k - a ring of ice
 p - an amulet of the acrobat (around neck)
 w - the ring "Jebyatzo" (left hand) {rC+ Int+5}
   (You found it on level 4 of the Dungeon)

   [ring of protection from cold]

   Int+5:     It affects your intelligence (+5).
   rC+:       It protects you from cold.
 N - a ring of protection from cold
Wands
 f - a wand of paralysis (2)
 x - a wand of acid (15)
 D - a wand of flame (13)
 F - a wand of polymorph (7)
Scrolls
 c - 2 scrolls of poison
 e - 3 scrolls of teleportation
 j - 2 scrolls of identify
 l - a scroll of enchant weapon
 m - 2 scrolls of blinking {unknown}
 n - a scroll of brand weapon
 r - a scroll of enchant armour
 s - 2 scrolls of revelation
Potions
 g - 5 potions of brilliance
 h - 2 potions of enlightenment
 z - a potion of ambrosia


   Skills:
 + Level 4.5 Fighting
 + Level 4.5 Armour
 - Level 5.0 Dodging
 - Level 1.5 Stealth
 - Level 12.6 Spellcasting
 - Level 12.6 Conjurations
 - Level 12.6 Hexes
 - Level 12.6 Summonings
 - Level 12.6 Necromancy
 - Level 12.6 Translocations
 - Level 12.6 Fire Magic
 - Level 12.6 Ice Magic
 - Level 12.6 Air Magic
 - Level 12.6 Earth Magic
 - Level 12.6 Alchemy


You knew the following spells:

 Your Spells              Type           Power      Damage    Failure   Level
a - Shock                 Conj/Air       100%       1d9       1%          1
b - Static Discharge      Conj/Air       100%       3-8/arc   1%          2
c - Swiftness             Air            70%        N/A       1%          3
d - Airstrike             Air            35%        2d(5-21)  1%          4
e - Foxfire               Conj/Fire      100%       2x1d9     1%          1
f - Lesser Beckoning      Tloc           100%       N/A       1%          2
g - Confusing Touch       Hex            70%        N/A       1%          3
h - Martyr's Knell        Necr/Summ      70%        N/A       1%          4
i - Iskenderun's Battles  Conj           70%        2d12      1%          5
Your spell library was empty.

Dungeon Overview and Level Annotations

Branches:
Dungeon (9/15)             Temple (1/1) D:7             Orc (1/2) D:9
   Lair: D:8-11

Altars:
Ashenzari
Cheibriados
Dithmenos
Elyvilon
Fedhas
Gozag
Hepliaklqana
Makhleb
Nemelex Xobeh
Okawaru
Qazlal
Ru
Trog
Uskayaw
Wu Jian
Xom
Yredelemnul
Zin
The Shining One
Beogh

Shops:
D:4 !   D:7 [   D:8 (


Innate Abilities, Weirdness & Mutations

You are immune to sickness and miasma.
You are immune to poison.
Your flesh is very heat resistant. (rF++)
You are vulnerable to cold. (rC-)
You float through the air rather than walking.
You learn spells naturally, not from books.
Your magical power is your life essence.
You have superior vitality. (+4 MHP)


Message History

You start to feel a little slower.
You feel sluggish.
You start to feel a little faster.
You no longer feel sluggish.
The orc warlord attacks as it pursues you!
The orc warlord hits you with a +2 antimagic battleaxe.
There is a stone staircase leading up here.
The orc warlord hits you with a +2 antimagic battleaxe!!
You fly upwards.
There is a stone staircase leading down here.
Unknown command.
Unknown command.
The orc warlord attacks as it pursues you!
The orc warlord hits you but does no damage.
The orc warlord attacks as it pursues you!
The orc warlord hits you with a +2 antimagic battleaxe.
The orc warlord attacks as it pursues you!
The orc warlord closely misses you.
The orc warlord attacks as it pursues you!
The orc warlord hits you but does no damage.
Casting: Swiftness (safe; 1% risk of failure)
Confirm with . or Enter, or press ? or * to list all spells.
Okay, then.
Casting: Swiftness (safe; 1% risk of failure)
Confirm with . or Enter, or press ? or * to list all spells.
You feel quick.
The orc warlord attacks as it pursues you!
The orc warlord hits you with a +2 antimagic battleaxe!
You start to feel a little slower.
You feel sluggish.
You start to feel a little faster.
The orc warlord attacks as it pursues you!
The orc warlord hits you with a +2 antimagic battleaxe!
You no longer feel sluggish.
The orc warlord attacks as it pursues you!
The orc warlord hits you with a +2 antimagic battleaxe!
* * * LOW HITPOINT WARNING * * *
The orc warlord attacks as it pursues you!
The orc warlord hits you with a +2 antimagic battleaxe!
You die...

# #.# #.# #.....###.##.###'### #
#.#####.######.........# #.### #
#.#..........#.####.######.... #
#.#.###.####.#.#.............. #
#.#.# #.# #.#.#.###.######... #
#.#.###.# #.#.......# #...
####...(.#.# #.###.##### ####
.......#.#.####.###.######
.......#.#>.....@o.......########
##.......#.......................
........#######.###.#####.#######
.#...#..#...........# #.#
.#)..#..#[#####.##### #.#
.#...#..#.#...#.# #.### ##
..÷..#..#.....#.# #...# #.
.#......###.###.# ###.####.
..)....#........# #......


You could see an orc warlord.

Vanquished Creatures
  Amaemon (D:8)
  An orc sorcerer (Orc:1)
  3 kobold blastminers (Orc:1)
  Maggie (D:8)
  An orange demon (D:8)
  A troll (Orc:1)
  A wyvern (D:7)
  A fire bat (D:8)
  4 yaks (D:9)
  A warg (D:8)
  A steam dragon (D:8)
  Menkaure (D:4)
  2 water moccasins
  An acid dragon (D:9)
  3 sky beasts (D:7)
  2 ice beasts
  6 orc warriors
  2 black bears (D:4)
  An ogre (Orc:1)
  A centaur (D:9)
  2 phantoms
  A kobold brigand (D:9)
  A gnoll sergeant (D:5)
  7 scorpions
  17 wights
  6 electric eels (D:5)
  4 howler monkeys
  3 jellies
  2 hounds (D:6)
  5 bombardier beetles
  11 orc priests
  2 gnoll boudas
  Jessica (D:2)
  3 sleepcaps
  6 iguanas
  12 orc wizards
  17 gnolls
  8 adders
  2 white imps
  4 ufetubi
  4 dart slugs
  A ribbon worm (D:2)
  67 orcs
  5 endoplasms
  3 giant cockroaches
  2 goblins
  8 hobgoblins
  A jackal (D:5)
  5 quokkas
  3 ball pythons
  4 bats
  A frilled lizard (D:1)
  12 kobolds
  A rat (D:1)
266 creatures vanquished.

Vanquished Creatures (others)
  91 foxfires
91 creatures vanquished.

Grand Total: 357 creatures vanquished

Notes
Turn   | Place    | Note
-------+----------+-------------------------------------------
     0 | D:1      | shadizar the Djinni Air Elementalist began the quest for
                  | the Orb.
     0 | D:1      | shadizar set off with the following spells memorised:
                  | Shock, Static Discharge, Swiftness, Airstrike.
     0 | D:1      | Reached XP level 1. HP: 15/15 MP: 0/0
   273 | D:1      | Reached XP level 2. HP: 18/21 MP: 0/0
   700 | D:1      | Found a faded altar of an unknown god.
   857 | D:2      | Reached XP level 3. HP: 19/25 MP: 0/0
   857 | D:2      | Learned a level 1 spell: Foxfire
  1231 | D:2      | You are sucked into a shaft and drop 2 floors!
  1284 | D:2      | Reached XP level 4. HP: 27/31 MP: 0/0
  1429 | D:2      | Noticed Jessica
  1432 | D:2      | Killed Jessica
  2079 | D:3      | Reached XP level 5. HP: 30/35 MP: 0/0
  2079 | D:3      | Learned a level 2 spell: Lesser Beckoning
  2329 | D:3      | Found an ornate altar of the Wu Jian Council.
  2329 | D:3      | Found a broken altar of Ashenzari.
  2335 | D:3      | Found a hazy altar of Hepliaklqana.
  2338 | D:3      | Found a bloodstained altar of Trog.
  2350 | D:3      | Found an opulent altar of Gozag.
  2355 | D:3      | Found a burning altar of Makhleb.
  2365 | D:3      | Became a worshipper of Makhleb the Destroyer
  2580 | D:4      | Noticed Menkaure
  2662 | D:4      | Killed Menkaure
  2663 | D:4      | Reached skill level 5 in Spellcasting
  2663 | D:4      | Reached skill level 5 in Conjurations
  2663 | D:4      | Reached skill level 5 in Hexes
  2663 | D:4      | Reached skill level 5 in Summonings
  2663 | D:4      | Reached skill level 5 in Necromancy
  2663 | D:4      | Reached skill level 5 in Translocations
  2663 | D:4      | Reached skill level 5 in Fire Magic
  2663 | D:4      | Reached skill level 5 in Ice Magic
  2663 | D:4      | Reached skill level 5 in Air Magic
  2663 | D:4      | Reached skill level 5 in Earth Magic
  2663 | D:4      | Reached skill level 5 in Alchemy
  2663 | D:4      | Reached XP level 6. HP: 36/40 MP: 0/0
  2796 | D:4      | Found Xeuzie's Distillery.
  2989 | D:4      | Found a glowing golden altar of the Shining One.
  3008 | D:4      | Reached XP level 7. HP: 41/45 MP: 0/0
  3008 | D:4      | Learned a level 3 spell: Confusing Touch
  3162 | D:4      | Identified the ring "Jebyatzo" {rC+ Int+5}
  3675 | D:5      | Entered Level 5 of the Dungeon
  3761 | D:5      | Reached XP level 8. HP: 19/50 MP: 0/0
  3874 | D:5      | Reached * piety under Makhleb
  3995 | D:5      | Found a hide-covered altar of Uskayaw.
  5149 | D:5      | Reached XP level 9. HP: 43/55 MP: 0/0
  5149 | D:5      | Learned a level 4 spell: Martyr's Knell
  5363 | D:5      | Found a sacrificial altar of Ru.
  5489 | D:5      | Reached ** piety under Makhleb
  6736 | D:7      | Reached skill level 10 in Spellcasting
  6736 | D:7      | Reached skill level 10 in Conjurations
  6736 | D:7      | Reached skill level 10 in Hexes
  6736 | D:7      | Reached skill level 10 in Summonings
  6736 | D:7      | Reached skill level 10 in Necromancy
  6736 | D:7      | Reached skill level 10 in Translocations
  6736 | D:7      | Reached skill level 10 in Fire Magic
  6736 | D:7      | Reached skill level 10 in Ice Magic
  6736 | D:7      | Reached skill level 10 in Air Magic
  6736 | D:7      | Reached skill level 10 in Earth Magic
  6736 | D:7      | Reached skill level 10 in Alchemy
  7315 | D:7      | Reached *** piety under Makhleb
  7321 | D:7      | Reached XP level 10. HP: 42/60 MP: 0/0
  7535 | D:7      | Found a staircase to the Ecumenical Temple.
  7538 | D:7      | Identified the +4 orcbow "Maarch" {flame, rElec Int+4}
  7542 | Temple   | Entered the Ecumenical Temple
  7724 | D:7      | Found Kueckit's Armour Shoppe.
  8508 | D:8      | Found a shimmering altar of Xom.
  8510 | D:8      | Noticed Maggie
  8565 | D:8      | Killed Maggie
  8722 | D:8      | Noticed Amaemon
  8723 | D:8      | Noticed an orange demon
  8728 | D:8      | Killed Amaemon
  8731 | D:8      | Killed an orange demon
  9318 | D:8      | Reached XP level 11. HP: 30/65 MP: 0/0
  9318 | D:8      | Learned a level 5 spell: Iskenderun's Battlesphere
  9434 | D:8      | Found Mane's Weapon Shop.
  9876 | D:8      | Identified a scroll of acquirement
  9876 | D:8      | Acquired the +1 pair of gloves of Lumulos {rElec Str+3
                  | Dex+3 SInv}
 10252 | D:9      | Reached skill level 1 in Fighting
 10252 | D:9      | Reached skill level 1 in Armour
 10361 | D:9      | Found a staircase to the Orcish Mines.
 10371 | D:9      | Reached **** piety under Makhleb
 10960 | D:9      | Found a roughly hewn altar of Beogh.
 11454 | Orc:1    | Entered Level 1 of the Orcish Mines
 11856 | Orc:1    | Found a burning altar of Makhleb.
 11942 | Orc:1    | Noticed an orc sorcerer
 11942 | Orc:1    | Noticed an orc warlord
 11957 | Orc:1    | Reached skill level 5 in Dodging
 12071 | Orc:1    | Killed an orc sorcerer
 12398 | D:8      | HP: 3/74 [warg[an orc warlord] (14)]
 12708 | D:8      | Mangled by an orc warlord

Illustrated notes

Levels and vault maps discovered:
D:1:      zaba_arrival_water, layout_loops_ring,
          shapermc_ecumenical_altar_flowoftime
D:2:      layout_basic, uniq_jessica
D:3:      layout_loops_ring, nicolae_overflow_hallway_of_the_gods
D:4:      layout_cave_pods, old_standard_altar, serial_shops, shop,
          minmay_unequal, uniq_menkaure
D:5:      cheibrodos_two_vegetables, layout_gridville, amcnicky_altar_gilded,
          nicolae_ru_sacrificial_ziggurat, minmay_increasing_density
D:6:      layout_loops_cross
D:7:      layout_loops_cross, minmay_temple_entry_fiery, serial_shops, shop,
          grunt_ministairs_1
D:8:      layout_basic, regret_index_xom_of_box, serial_shops,
          nicolae_shop_bloodbath_and_beyond, minmay_misc_feat_columns,
          uniq_amaemon, uniq_maggie
D:9:      layout_loops_ring, minmay_orc_entry_temple_small, serial_glass,
          glass_columns_a, glass_columns_a
Temple:   hellmonk_temple_forest_ring
Orc:1:    layout_diamond_mine, regret_index_minedec_devilstone,
          minmay_orc_temple_a

Skill      XL: |  1  2  3  4  5  6  7  8  9 10 11 |
---------------+----------------------------------+-----
Spellcasting   | 4 5 6 7 8 10 12 | 12.6
Conjurations   | 4 5 6 7 8 10 12 | 12.6
Hexes          | 4 5 6 7 8 10 12 | 12.6
Summonings     | 4 5 6 7 8 10 12 | 12.6
Necromancy     | 4 5 6 7 8 10 12 | 12.6
Translocations | 4 5 6 7 8 10 12 | 12.6
Fire Magic     | 4 5 6 7 8 10 12 | 12.6
Ice Magic      | 4 5 6 7 8 10 12 | 12.6
Air Magic      | 4 5 6 7 8 10 12 | 12.6
Earth Magic    | 4 5 6 7 8 10 12 | 12.6
Alchemy        | 4 5 6 7 8 10 12 | 12.6
Fighting       | 4 |  4.5
Armour         | 4 |  4.5
Dodging        | 5 |  5.0
Stealth        | |  1.5

Action                     |  1- 3 |  4- 6 |  7- 9 | 10-12 || total
---------------------------+-------+-------+-------+-------++-------
   Cast: Shock             |    55 |    88 |    62 |     2 ||   207
         Foxfire           |       |       |    56 |       ||    56
         Airstrike         |       |       |   106 |   210 ||   316
         Swiftness         |       |       |       |     3 ||     3
         Iskenderun's Batt |       |       |       |     4 ||     4
         Static Discharge  |       |       |       |     1 ||     1
    Use: Scroll            |       |       |       |    23 ||    23
         Potion            |       |       |       |     5 ||     5
 Armour: Robe              |     2 |     9 |    33 |     8 ||    52
         Swamp dragon scal |       |       |       |    49 ||    49
  Dodge: Dodged            |     5 |     6 |    32 |    53 ||    96

Table legend: (Time is in decaauts)
 A = Elapsed time spent in this place.
 B = Non-inter-level travel time spent in this place.
 C = Inter-level travel time spent in this place.
 D = Time resting spent in this place.
 E = Time spent auto-exploring this place.
 F = Levels seen in this place.
 G = Mean time per level.
                   A        B        C        D        E       F      G
               +--------+--------+--------+--------+--------+-----+--------+
         Total |  12698 |  12381 |    317 |      0 |  10705 |  11 | 1154.4 |
       Dungeon |  12054 |  11738 |    316 |      0 |  10233 |   9 | 1339.3 |
        Temple |     28 |     28 |      0 |      0 |      0 |   1 |   28.0 |
  Orcish Mines |    615 |    615 |      0 |      0 |    472 |   1 |  615.0 |
               +--------+--------+--------+--------+--------+-----+--------+

Top non-repeatable levels by time:
     D:8: 2416 daAuts
     D:5: 1750 daAuts
     D:9: 1471 daAuts
     D:6: 1383 daAuts
     D:4: 1198 daAuts
     D:7: 1183 daAuts
     D:3: 919 daAuts
     D:2: 880 daAuts
     D:1: 849 daAuts
   Orc:1: 615 daAuts
  Temple: 28 daAuts
